 Dungeon Crawl Stone Soup version 0.29.1-15-g9cfb28693d (webtiles) character file.

Game seed: 16575734408662500935

195 ineptsparrow the Chopper (level 5, -2/46 HPs)
             Began as a Hill Orc Monk on Apr 25, 2023.
             Was a Priest of Sif Muna.
             Slain by a gnoll
             ... wielding a +1 halberd of venom
              (4 damage)
             ... on level 4 of the Dungeon.
             The game lasted 00:12:50 (3791 turns).

ineptsparrow the Chopper (Hill Orc Monk)            Turns: 3791, Time: 00:12:50

Health: -2/46      AC:  7    Str: 16    XL:     5   Next: 74%
Magic:  6/6        EV: 11    Int: 10    God:    Sif Muna [***...]
Gold:   190        SH:  0    Dex: 13    Spells: 4/4 levels left

rFire   . . .      SeeInvis .   l - +0 war axe
rCold   . . .      Faith    .   (no shield)
rNeg    . . .      Spirit   .   e - +1 ring mail
rPois   .          Reflect  .   o - +0 helmet
rElec   .          Harm     .   (no cloak)
rCorr   .          Rampage  .   (no gloves)
Will    .....                   (no boots)
Stlth   +.........              (no amulet)
HPRegen 0.15/turn               (no ring)
MPRegen 0.10/turn               (no ring)

@: lethally poisoned (-2 -> -11)
A: no striking features
a: Renounce Religion, Channel Magic, Forget Spell


You were on level 4 of the Dungeon.
You worshipped Sif Muna.
Sif Muna was most pleased with you.
You visited 1 branch of the dungeon, and saw 4 of its levels.

You collected 190 gold pieces.

Inventory:

Hand Weapons
 a - a +0 hand axe
 l - a +0 war axe (weapon)
Missiles
 k - 4 boomerangs (quivered)
 m - 5 silver javelins
Armour
 b - a +0 robe
 e - a +1 ring mail (worn)
 o - a +0 helmet (worn)
Magical Staves
 d - a staff of fire
Jewellery
 p - a ring of ice
Wands
 n - a wand of roots (11)
Potions
 c - a potion of ambrosia
 g - 2 potions of invisibility
 h - a potion of curing {unknown}
 i - 2 potions of flight {unknown}
 j - a potion of attraction {unknown}


   Skills:
 - Level 3.7 Fighting
 * Level 7.5 Axes
 + Level 1.4 Armour
 - Level 2.4 Dodging
 - Level 1.6 Stealth
 + Level 1.7 Invocations


You had 4 spell levels left.
You didn't know any spells.
Your spell library contained the following spells:

 Spells                   Type           Power      Damage    Failure   Level
 Sublimation of Blood     Necr           0%         N/A       71%         2
 Wereblood                Tmut           0%         N/A       71%         2
 Summon Hydra             Summ           0%         N/A       100%        7


Dungeon Overview and Level Annotations

Branches:
Dungeon (4/15)
 Temple: D:4-7

Altars:
Kikubaaqudgha
Sif Muna
Trog
Wu Jian


Message History

You kill the ufetubus!
Sif Muna accepts your kill.
Things that are here:
a +0 dagger; a goblin corpse Magic restored.
You now have 190 gold pieces (gained 16).
Things that are here:
a +0 dagger; a +0 ring mail A gnoll comes into view.
It is wielding a +0 halberd.
A gnoll comes into view. It is wielding a +1 halberd of venom.
The gnoll shouts! x2; You hear a shout!
The gnoll moves out of view.
An orc and a gnoll come into view.
Found a worn bronze wand.
The orc moves out of view.
The gnoll moves out of view.
The gnoll shouts!
You hear a shout! x2
The gnoll hits you from afar with a +0 halberd.
The gnoll hits you with a +0 halberd.
You closely miss the gnoll. The gnoll barely misses you. The gnoll misses you.
You hit the gnoll but do no damage.
The gnoll hits you from afar with a +1 halberd of venom!
You are poisoned.
The gnoll hits you with a +0 halberd!
You slash the gnoll!
You kill the gnoll!
Sif Muna accepts your kill.
You feel very sick. The gnoll barely misses you.
You slash the gnoll!
The gnoll is almost dead.
You feel very sick.
The gnoll hits you from afar with a +1 halberd of venom!
* * * LOW HITPOINT WARNING * * *
The gnoll completely misses you.
You barely miss the gnoll.
The gnoll is almost dead.
* * * LOW HITPOINT WARNING * * *
You feel sick.
The gnoll hits you from afar with a +1 halberd of venom.
You die...

..)...###.#.##..#......#..#
......###.#####.###........
.......##.....#..#........#
.......................o...
..............##..###......
...................# ..g/.
..#.....##..#..#go## ....
.####.....##...#g## ..#
)..#.......##.##@# ##
.#.............#.#
.###..#.......##.#
####..##.<...##...
###...###...####+##
..##.##....## .#........##
.#.........##
.....##.....##


You could see 2 gnolls and an orc.

Vanquished Creatures
  An orc priest (D:4)
  A gnoll (D:4)
  6 adders
  An ufetubus (D:4)
  3 worms (D:3)
  2 dart slugs
  8 orcs
  8 ball pythons
  7 endoplasms
  2 giant cockroaches
  9 goblins
  5 hobgoblins
  2 jackals (D:4)
  8 kobolds
  A bat (D:3)
  6 frilled lizards
  7 rats
77 creatures vanquished.

Notes
Turn   | Place    | Note
-------+----------+-------------------------------------------
     0 | D:1      | ineptsparrow the Hill Orc Monk began the quest for the Orb.
     0 | D:1      | Reached XP level 1. HP: 19/19 MP: 1/1
   394 | D:1      | Reached XP level 2. HP: 25/27 MP: 2/2
   736 | D:1      | Reached skill level 5 in Axes
   869 | D:1      | Reached XP level 3. HP: 33/33 MP: 3/3
  1824 | D:2      | Reached skill level 6 in Axes
  1976 | D:2      | Reached XP level 4. HP: 40/40 MP: 4/4
  2041 | D:2      | Found a faded altar of an unknown god.
  2067 | D:2      | Prayed at the altar of an unknown god.
  2067 | D:2      | Became a worshipper of Sif Muna the Loreminder
  2067 | D:2      | Reached * piety under Sif Muna
  2067 | D:2      | Reached ** piety under Sif Muna
  2299 | D:3      | Reached *** piety under Sif Muna
  2495 | D:3      | Reached skill level 7 in Axes
  2512 | D:3      | Reached XP level 5. HP: 36/46 MP: 5/5
  2637 | D:3      | Reached skill level 1 in Invocations
  3111 | D:3      | Found an ornate altar of the Wu Jian Council.
  3114 | D:3      | Found a bloodstained altar of Trog.
  3116 | D:3      | Found an ancient bone altar of Kikubaaqudgha.
  3363 | D:4      | Reached skill level 1 in Armour
  3791 | D:4      | HP: 2/46 [poisoned by a gnoll]
  3791 | D:4      | Slain by a gnoll

Illustrated notes

Levels and vault maps discovered:
D:1:      psy_arrival_wood_between_worlds, layout_basic
D:2:      layout_basic, hellmonk_ecumenical_altar_crossroads, interstate_on_off,
          kennysheep_generic_room_8
D:3:      layout_loops_cross, nicolae_overflow_hidden_temple
D:4:      layout_cave_pools, grunt_temple_overflow_diamond

Skill      XL: |  1  2  3  4  5 |
---------------+----------------+-----
Axes           | 5 6 7 |  7.5
Invocations    | 1 |  1.7
Armour         | 1 |  1.4
Fighting       | |  3.7
Dodging        | |  2.4
Stealth        | |  1.6

Action                   |  1- 3 |  4- 6 || total
-------------------------+-------+-------++-------
Melee: Hand axe          |   131 |       ||   131
       Punch             |     2 |       ||     2
       War axe           |     2 |   102 ||   104
  Use: Scroll            |       |     6 ||     6
 Stab: Sleeping          |     3 |       ||     3
Armor: Ring mail         |    34 |    37 ||    71
       Robe              |     1 |       ||     1
Dodge: Dodged            |    64 |    64 ||   128
